 Dungeon Crawl Stone Soup version 0.29.1-12-g30fa7ad0bf (webtiles) character file.

Game seed: 6579264022965630402

68 RapScallion the Trooper (level 4, -3/40 HPs)
             Began as a Hill Orc Fighter on Jan 11, 2023.
             Killed by divine providence
             ... invoked by an orc priest
              (13 damage)
             ... on level 3 of the Dungeon.
             The game lasted 00:09:58 (2933 turns).

RapScallion the Trooper (Hill Orc Fighter)          Turns: 2933, Time: 00:10:01

Health: -3/40      AC: 10    Str: 20    XL:     4   Next: 19%
Magic:  13/13      EV:  9    Int: 11    God:
Gold:   112        SH:  4    Dex: 10    Spells: 3/3 levels left

rFire   . . .      SeeInvis .   a - +0 war axe
rCold   . . .      Faith    .   c - +0 buckler
rNeg    . . .      Spirit   .   b - +0 scale mail
rPois   .          Reflect  .   o - +2 hat {Int+3}
rElec   .          Harm     .   (no cloak)
rCorr   .          Rampage  .   x - +0 pair of gloves
Will    .....                   (no boots)
Stlth   ..........              u - amulet of the acrobat
HPRegen 0.13/turn               l - ring of magical power
MPRegen 0.13/turn               (no ring)

@: no status effects
A: no striking features
a: Convert to Beogh


You were on level 3 of the Dungeon.
You visited 1 branch of the dungeon, and saw 3 of its levels.

You collected 112 gold pieces.

Inventory:

Hand Weapons
 a - a +0 war axe (weapon)
Missiles
 f - 28 stones (quivered)
 m - 3 boomerangs
 n - 3 javelins
Armour
 b - a +0 scale mail (worn)
 c - a +0 buckler (worn)
 o - a +2 hat of intelligence (worn)
 x - a +0 pair of gloves (worn)
Magical Staves
 q - a staff of earth
Jewellery
 l - a ring of magical power (left hand)
 u - an amulet of the acrobat (around neck)
Scrolls
 e - 4 scrolls of identify {unknown}
 j - a scroll of blinking {unknown}
 p - a scroll of enchant armour {unknown}
 r - 2 scrolls of magic mapping {unknown}
Potions
 d - a potion of might
 g - a potion of haste {unknown}
 h - a potion of heal wounds {unknown}
 i - a potion of magic {unknown}
 k - 2 potions of curing {unknown}
 s - a potion of lignification {unknown}
 t - a potion of mutation {unknown}
 v - a potion of invisibility {unknown}
 w - a potion of degeneration {unknown}


   Skills:
 + Level 4.1 Fighting
 + Level 4.0 Axes
 + Level 4.0 Armour
 + Level 0.8 Dodging
 + Level 3.4 Shields


You had 3 spell levels left.
You didn't know any spells.
Your spell library was empty.

Dungeon Overview and Level Annotations

Branches:
Dungeon (3/15)

Altars:


Message History

The orc shouts! x2; You hear a shout!
An orc comes into view. It is wielding a +0 hand axe.
The orc shouts!
An orc priest comes into view. It is wielding a +0 falchion.
You closely miss the orc. The orc hits you but does no damage. x2
You closely miss the orc. You block the orc's attack.
The orc priest shouts, "Surrender to Beogh and we'll let you live!" (press Y on the ability menu to convert to Beogh)
You hit the orc but do no damage. The orc closely misses you.
There are monsters nearby!
You closely miss the orc. The orc hits you but does no damage. x2
You closely miss the orc. You block the orc's attack.
You barely miss the orc. The orc hits you but does no damage.
The orc hits you with a +0 dagger.
You closely miss the orc. The orc hits you but does no damage.
You closely miss the orc. The orc hits you but does no damage.
You hit the orc.
The orc is lightly wounded.
The orc hits you but does no damage.
The orc priest mumbles some strange prayers to Beogh against you.
Beogh smites you! The orc hits you but does no damage.
You hit the orc.
The orc is moderately wounded.
You block the orc's attack.
The orc priest looks encouraged for a moment.
You closely miss the orc.
The orc is lightly wounded.
The orc barely misses you. x2
You hit the orc.
You kill the orc!
The orc priest looks encouraged for a moment.
Your Armour skill increases to level 4!
You barely miss the orc. You block the orc's attack.
You barely miss the orc. The orc hits you with a +0 mace.
The orc priest calls down the wrath of Beogh upon you.
Beogh smites you!
* * * LOW HITPOINT WARNING * * *
The orc priest mumbles some strange prayers to Beogh against you.
Beogh smites you!
You die...

.o..oo................#....#.
....####..o...........#......
. ####...####.##......# ##..#
.##.# ##o# ##.##.# #o# #..
#.# #o# #.# #.# #o###.###.#
#@#.......# #.........#
###.#.##)## #.#.##.# #.#.##.#
#.#.##.# ##########......#
#.......####.#### #.#####.#
#.#


You could see an orc priest and 3 orcs.

Vanquished Creatures
  A worm (D:2)
  A dart slug (D:1)
  An orc (D:3)
  3 ball pythons
  3 bats (D:1)
  4 endoplasms
  3 giant cockroaches
  6 goblins
  9 hobgoblins
  8 jackals
  5 frilled lizards
  6 kobolds
  5 rats
55 creatures vanquished.

Notes
Turn   | Place    | Note
-------+----------+-------------------------------------------
     0 | D:1      | RapScallion the Hill Orc Fighter began the quest for the
                  | Orb.
     0 | D:1      | Reached XP level 1. HP: 19/19 MP: 1/1
    33 | D:1      | Reached XP level 2. HP: 13/27 MP: 2/2
   546 | D:1      | Reached XP level 3. HP: 17/33 MP: 3/3
  1740 | D:2      | Reached XP level 4. HP: 40/40 MP: 4/4
  2933 | D:3      | Killed from afar by an orc priest

Illustrated notes

Levels and vault maps discovered:
D:1:      minmay_arrival_arboretum_small, layout_basic, minmay_misc_feat_room,
          minmay_octomino_e4
D:2:      layout_basic, minivault_27
D:3:      layout_loops_cross, serial_shops, nicolae_shop_bloodbath_and_beyond,
          nicolae_shop_advertising_works [nicolae_subvault_shop_adworks],
          nicolae_shop_crystal, shop_statue

Skill      XL: |  1  2  3  4 |
---------------+-------------+-----
Axes           | 3 4 |  4.0
Fighting       | 4 |  4.1
Armour         | 4 |  4.0
Dodging        | |  0.8
Shields        | |  3.4

Action                   |  1- 3 |  4- 6 || total
-------------------------+-------+-------++-------
Melee: War axe           |   116 |    36 ||   152
Armor: Scale mail        |    83 |    13 ||    96
Dodge: Dodged            |    57 |    11 ||    68
Block: Buckler           |    23 |     6 ||    29
